 Dungeon Crawl Stone Soup version 0.27-a0-1555-g0e7b3fb1d2 (webtiles) character file.

Game seed: 11535860906948731582

301 nyamberluvr69 the Skirmisher (level 6, 0/58 HPs)
             Began as a Minotaur Berserker on July 15, 2021.
             Was a Believer of Trog.
             Succumbed to a water moccasin's poison
             ... on level 3 of the Dungeon.
             The game lasted 00:02:59 (2447 turns).

nyamberluvr69 the Skirmisher (Minotaur Berserker)   Turns: 2447, Time: 00:03:00

Health: 0/58       AC:  3    Str: 30    XL:     6   Next: 14%
Magic:  5/5        EV: 12    Int:  4    God:    Trog [**....]
Gold:   116        SH:  0    Dex:  9    Spells: 5/5 levels left

rFire    . . .     SeeInvis .   a - +0 hand axe
rCold    . . .     Faith    .   (no shield)
rNeg     . . .     Spirit   .   b - +0 animal skin
rPois    .         Reflect  .   (helmet restricted)
rElec    .         Harm     .   g - +0 cloak
rCorr    .         Rampage  .   (no gloves)
Will     .....                  (no boots)
Stlth    +.........             (no amulet)
HPRegen  0.19/turn              f - +6 ring of strength
MPRegen  0.09/turn              (no ring)

@: lethally poisoned (0 -> -5), on berserk cooldown
A: horns 2, retaliatory headbutt
a: Renounce Religion, Berserk, Trog's Hand


You were on level 3 of the Dungeon.
You worshipped Trog.
Trog was pleased with you.
You visited 1 branch of the dungeon, and saw 3 of its levels.

You collected 116 gold pieces.

Inventory:

Hand Weapons
 a - a +0 hand axe (weapon)
Armour
 b - a +0 animal skin (worn)
 g - a +0 cloak (worn)
Jewellery
 f - a +6 ring of strength (left hand)
 k - a +4 ring of evasion
Wands
 m - a wand of polymorph (4)
Scrolls
 c - 4 scrolls of enchant weapon {unknown}
 e - a scroll of noise {unknown}
 i - a scroll of immolation {unknown}
 l - a scroll of silence {unknown}
 n - 2 scrolls of identify {unknown}
 p - a scroll of acquirement {unknown}
 s - a scroll of amnesia {unknown}
Potions
 d - a potion of lignification
 o - a potion of curing {unknown}
 q - a potion of attraction {unknown}
 r - a potion of degeneration {unknown}


   Skills:
 + Level 6.4 Fighting
 + Level 6.4 Axes
 - Level 2.4 Armour
 - Level 2.1 Dodging


You had 5 spell levels left.
You didn't know any spells.
Your spell library was empty.

Dungeon Overview and Level Annotations

Branches:
Dungeon (3/15)

Altars:
Ru


Innate Abilities, Weirdness & Mutations

You have a pair of horns on your head.
You reflexively headbutt those who attack you in melee.


Message History

You slash the water moccasin!
You kill the water moccasin!
Trog accepts your kill.
* * * LOW HITPOINT WARNING * * *
You feel very sick.
Your Fighting skill increases to level 6!
Your Axes skill increases to level 6!
You have reached level 6!
Your experience leads to an increase in your attributes!
Your base attributes are Str 23, Int 4, Dex 9.
Increase (S)trength, (I)ntelligence, or (D)exterity?
You feel stronger.
* * * LOW HITPOINT WARNING * * *
You feel very sick.
There is a lethal amount of poison in your body!
You feel a strong urge to attack something.
* * * LOW HITPOINT WARNING * * *
You feel sick.
You are no longer berserk.
You are exhausted.
You feel yourself slow down.
* * * LOW HITPOINT WARNING * * *
You feel sick.
It was a potion of lignification.
You turn into a tree.
Your +0 cloak melds into your body.
Your +0 animal skin melds into your body.
Your roots penetrate the ground.
* * * LOW HITPOINT WARNING * * *
You feel very sick.
It was a potion of cancellation.
Your magical effects are unravelling.
You feel magically purged.
You feel less wooden.
Your +0 cloak unmelds from your body.
Your +0 animal skin unmelds from your body.
You feel yourself speed up.
* * * LOW HITPOINT WARNING * * *
You feel sick.
It was a potion of magic.
Magic courses through your body.
You die...

.####.#....#
....#.#....#
....#.#########
....#.##......#
....#.##......#
#####.##......##########
........................
.####.##.............###
......##........@..<....
.####.##.............###
.# #.################
.## #.# †.# #.# #.###.#
#..##.# ##.##.# #..#.#


There were no monsters in sight!

Vanquished Creatures
  A water moccasin (D:3)
  Natasha (thrice) (D:2)
  Robin (D:2)
  4 gnolls (D:3)
  An adder (D:2)
  2 worms (D:2)
  A dart slug (D:1)
  2 bats (D:2)
  5 endoplasms
  3 giant cockroaches
  14 goblins
  5 hobgoblins
  2 quokkas
  3 ball pythons
  3 frilled lizards
  7 kobolds
  3 rats
60 creatures vanquished.

Notes
Turn   | Place    | Note
-------+----------+-------------------------------------------
     0 | D:1      | nyamberluvr69 the Minotaur Berserker began the quest for
                  | the Orb.
     0 | D:1      | Reached XP level 1. HP: 19/19 MP: 0/0
   437 | D:1      | Reached XP level 2. HP: 22/27 MP: 1/1
   874 | D:2      | Noticed Natasha
   876 | D:2      | Noticed a crimson imp
   879 | D:2      | Reached XP level 3. HP: 34/34 MP: 2/2
   881 | D:2      | Killed Natasha
   967 | D:2      | Reached ** piety under Trog
  1059 | D:2      | Found a sacrificial altar of Ru.
  1076 | D:2      | Found a faded altar of an unknown god.
  1082 | D:2      | Reached XP level 4. HP: 38/41 MP: 3/3
  1124 | D:2      | Noticed Natasha
  1132 | D:2      | Killed Natasha
  1133 | D:2      | Reached skill level 5 in Fighting
  1133 | D:2      | Reached skill level 5 in Axes
  1348 | D:2      | Noticed Robin
  1356 | D:2      | Killed Robin
  1700 | D:2      | Noticed Natasha
  1708 | D:2      | Killed Natasha
  1709 | D:2      | Reached XP level 5. HP: 44/48 MP: 4/4
  2428 | D:3      | Noticed a water moccasin
  2441 | D:3      | Killed a water moccasin
  2442 | D:3      | Reached XP level 6. HP: 15/58 MP: 5/5
  2446 | D:3      | HP: 2/58 [poisoned by a water moccasin]
  2447 | D:3      | Succumbed to a water moccasin's poison

Illustrated notes

Levels and vault maps discovered:
D:1:      amcnicky_arrival_choice, layout_loops_ring, minmay_misc_feat_rugged
D:2:      layout_loops_ring, shapermc_ecumenical_altar_pompeii, basic_altar,
          uniq_natasha, uniq_robin
D:3:      minmay_chambers_of_twos, layout_basic

Skill      XL: |  1  2  3  4  5 |
---------------+----------------+-----
Fighting       | 4 5 6 |  6.4
Axes           | 4 5 6 |  6.4
Armour         | |  2.4
Dodging        | |  2.1

Action                   |  1- 3 |  4- 6 || total
-------------------------+-------+-------++-------
Melee: Hand axe          |    50 |    70 ||   120
       Headbutt          |     5 |    18 ||    23
       Unarmed           |       |     9 ||     9
Invok: Berserk           |     1 |     1 ||     2
  Use: Potion            |       |     3 ||     3
 Stab: Sleeping          |     1 |       ||     1
Armor: Animal skin       |    15 |     5 ||    20
       Skin              |       |     1 ||     1
Dodge: Dodged            |    29 |    29 ||    58

Table legend: (Time is in decaauts)
 A = Elapsed time spent in this place.
 B = Non-inter-level travel time spent in this place.
 C = Inter-level travel time spent in this place.
 D = Time resting spent in this place.
 E = Time spent auto-exploring this place.
 F = Levels seen in this place.
 G = Mean time per level.
                   A        B        C        D        E       F      G
               +--------+--------+--------+--------+--------+-----+--------+
         Total |   2455 |   2438 |     17 |    587 |   1486 |   3 |  818.3 |
       Dungeon |   2455 |   2438 |     17 |    587 |   1486 |   3 |  818.3 |
               +--------+--------+--------+--------+--------+-----+--------+

Top non-repeatable levels by time:
     D:2: 1002 daAuts
     D:1: 874 daAuts
     D:3: 579 daAuts
